 Dungeon Sprint DCSS version 0.27.1-33-g824d729ab1 (webtiles) character file.

Game seed: 13083853427080876532

25 manyhoops the Sneak (level 2, -1/15 HPs)
             Began as a Deep Elf Ice Elementalist on Dec 25, 2021.
             Slain by an ogre (16 damage)
             ... in the Dungeon (Sprint I: "Red Sonja").
             The game lasted 00:00:38 (209 turns).

manyhoops the Sneak (Deep Elf Ice Elementalist)      Turns: 209, Time: 00:00:39

Health: -1/15      AC: 10    Str:  5    XL:     2   Next: 82%
Magic:  7/8        EV:  0    Int: 19    God:
Gold:   0          SH:  0    Dex: 15    Spells: 6/7 levels left

rFire    . . .     SeeInvis .   h - +0 dagger
rCold    . . .     Faith    .   (no shield)
rNeg     . . .     Spirit   .   i - +2 chain mail {rPois}
rPois    +         Reflect  .   (no helmet)
rElec    .         Harm     .   (no cloak)
rCorr    .         Rampage  .   (no gloves)
Will     .....     NoTele   +   (no boots)
Stlth    +.........             (no amulet)
HPRegen  0.05/turn              (no ring)
MPRegen  0.11/turn              (no ring)

@: very slightly contaminated
A: no striking features
a: no special abilities


You were in the Dungeon.
You visited 1 branch

Inventory:

Hand Weapons
 h - a +0 dagger (weapon)
Armour
 a - a +0 robe
 i - a +2 chain mail of poison resistance (worn)
Wands
 c - a wand of flame (18)
Scrolls
 g - a scroll of blinking
Potions
 b - a potion of curing
 d - a potion of haste
 e - 2 potions of magic
 f - a potion of berserk rage


   Skills:
 - Level 2.4 Dodging
 - Level 7.9 Stealth
 + Level 3.0 Spellcasting
 + Level 4.3 Ice Magic


You had 6 spell levels left.
You knew the following spells:

 Your Spells              Type           Power      Damage    Failure   Level
a - Freeze                Ice            76%        1d9       100%        1

Your spell library contained the following spells:

 Spells                   Type           Power      Damage    Failure   Level
 Frozen Ramparts          Ice            38%        1d5       100%        3
 Ozocubu's Armour         Ice            19%        N/A       100%        3
 Hailstorm                Conj/Ice       11%        3d5       100%        4


Dungeon Overview and Level Annotations

Branches:
Dungeon (1/1)

Altars:


Message History

You have reached level 2!
You start resting.
Magic restored.
You start resting.
HP restored.
You start waiting.
Done waiting.
c - a wand of flame (19)
There is an open door here.
Things that are here:
a +0 dagger; a +2 chain mail of poison resistance; the goblin corpse of Ijyb
h - a +0 dagger
i - a +2 chain mail of poison resistance
h - a +0 dagger (weapon)
You start removing your armour.
You continue taking off your +0 robe. x4
You finish taking off your +0 robe.
You start putting on your armour.
You continue putting on your +2 chain mail of poison resistance. x5
You finish putting on your +2 chain mail of poison resistance.
You feel resistant to poison.
There's nothing to open nearby.
No target in view!
You open the door.
An ogre comes into view. It is wielding a +0 giant club.
The ogre shouts!
Aiming: Throw Flame
Press: ? - help, Shift-Dir - straight line, f - ogre
Aim: an ogre, wielding a +0 giant club (85% to hit)
The puff of flame hits the ogre!
The ogre is moderately wounded.
Casting: Freeze (safe; 100% risk of failure)
Confirm with . or Enter, or press ? or * to list all spells.
Aiming: Freeze (safe; 100% risk of failure)
Press: ? - help, Shift-Dir - straight line, f/p - ogre
Aim: an ogre, wielding a +0 giant club (moderately wounded)
You miscast Freeze.
You are very lightly contaminated with residual magic.
Nothing appears to happen.
The ogre hits you with a +0 giant club!
Ouch! That really hurt!
You die...

##########
#<.#.@O..#
#..†..#..+
#..#### +#
#..# #..#
#..# #⌠⌠#
####


You could see an ogre.

Vanquished Creatures
  Ijyb (D)
1 creature vanquished.

Notes
Turn   | Place    | Note
-------+----------+-------------------------------------------
     0 | D        | manyhoops the Deep Elf Ice Elementalist began the quest for
                  | the Orb.
     0 | D        | Reached XP level 1. HP: 10/10 MP: 6/6
     1 | D        | Noticed Ijyb
     9 | D        | Killed Ijyb
    10 | D        | Reached skill level 7 in Stealth
    10 | D        | Reached XP level 2. HP: 10/15 MP: 0/8
   207 | D        | Noticed an ogre
   209 | D        | Slain by an ogre

Illustrated notes

Levels and vault maps discovered:
D:        dungeon_sprint_1 [red_sonja_temple_1, red_sonja_temple_small_1]

Skill      XL: |  1 |
---------------+----+-----
Stealth        | 7 |  7.9
Dodging        | |  2.4
Spellcasting   | |  3.0
Ice Magic      | |  4.3

Action                   || total
-------------------------++-------
 Cast: Freeze            ||     6
Evoke: Wand              ||     1
  Use: Potion            ||     1
Dodge: Dodged            ||     3
